 Dungeon Crawl Stone Soup version 0.29.0-5-ge4962eb29e (webtiles) character file.

Game seed: 10087505018112147735

42 SensoryNuts the Trooper (level 3, -4/33 HPs)
             Began as a Hill Orc Fighter on Aug 28, 2022.
             Succumbed to Sigmund's poison
             ... on level 2 of the Dungeon.
             The game lasted 00:01:12 (1225 turns).

SensoryNuts the Trooper (Hill Orc Fighter)          Turns: 1225, Time: 00:01:13

Health: -4/33      AC: 11    Str: 20    XL:     3   Next: 54%
Magic:  3/3        EV:  5    Int:  8    God:
Gold:   39         SH:  0    Dex: 10    Spells: 2/2 levels left

rFire   . . .      SeeInvis .   a - +0 war axe
rCold   . . .      Faith    .   c - +1 buckler
rNeg    . . .      Spirit   .   i - +0 plate armour
rPois   .          Reflect  .   (no helmet)
rElec   .          Harm     .   (no cloak)
rCorr   .          Rampage  .   (no gloves)
Will    .....                   (no boots)
Stlth   ..........              (no amulet)
HPRegen 0.11/turn               (no ring)
MPRegen 0.08/turn               (no ring)

@: confused, mighty, lethally poisoned (-4 -> -28), invisible
A: no striking features
a: no special abilities


You were on level 2 of the Dungeon.
You visited 1 branch of the dungeon, and saw 2 of its levels.

You collected 39 gold pieces.

Inventory:

Hand Weapons
 a - a +0 war axe (weapon)
Armour
 c - a +1 buckler (worn)
 i - a +0 plate armour (worn)
Jewellery
 j - an amulet of guardian spirit
 l - a ring of positive energy
Scrolls
 b - a scroll of blinking {unknown}
 f - a scroll of identify
 g - a scroll of teleportation
Potions
 d - 3 potions of might
 h - a potion of magic
 k - a potion of mutation {unknown}


   Skills:
 + Level 4.1 Fighting
 * Level 3.7 Axes
 + Level 3.5 Armour
 + Level 3.8 Shields


You had 2 spell levels left.
You didn't know any spells.
Your spell library was empty.

Dungeon Overview and Level Annotations

Branches:
Dungeon (2/15)

Altars:

Annotations:
D:2 Sigmund


Message History

Sigmund is nearby!
Sigmund is nearby!
Sigmund hits you from afar with a +5 scythe of venom!
You are poisoned.
You feel sick.
Sigmund hits you with a +5 scythe of venom!
You are lethally poisoned!
You are too injured to fight recklessly!
You are too injured to fight recklessly!
You feel better.
You feel very mighty all of a sudden.
Sigmund hits you with a +5 scythe of venom.
You are poisoned.
You slash Sigmund!
Sigmund is heavily wounded.
You feel very sick. Sigmund barely misses you.
You barely miss Sigmund.
Sigmund is heavily wounded.
You feel very sick. Sigmund hits you but does no damage.
You barely miss Sigmund.
Sigmund is heavily wounded.
You feel sick. Sigmund gestures at you while chanting.
You are confused.
You fade into invisibility!
You feel sick. Sigmund hits you but does no damage.
You are lethally poisoned!
* * * LOW HITPOINT WARNING * * *
You feel very sick.
You bump into the rock wall.
* * * LOW HITPOINT WARNING * * *
You feel very sick.
Sigmund hits you from afar with a +5 scythe of venom.
* * * LOW HITPOINT WARNING * * *
You are more poisoned.
Unknown command.
You are too confused!
You die...

.##.# #.#.####.#
#.# .##.# #.#.#
#.# #.# .##.#
#....# #.# #.#
.##............#
#.#
.##..##....######
#.# .### ###...
..# ######.# ...#
##### #.#
#......# .###
##@#####.#######
...#
#..@.....)......
##.#
##.#####))......
#.#
##.#####........
##.#
#........######.
...# ##..######
...# ##.# ...#
#.# ...# #.# ####
#.#


You could see Sigmund (unable to see you).

Vanquished Creatures
  3 ball pythons (D:1)
  4 endoplasms (D:1)
  3 giant cockroaches (D:1)
  2 goblins (D:2)
  A hobgoblin (D:1)
  7 jackals (D:1)
  2 kobolds
  4 quokkas (D:1)
  3 bats
  3 frilled lizards
  2 rats
34 creatures vanquished.

Vanquished Creatures (others)
  A demonic plant (D:2)
1 creature vanquished.

Grand Total: 35 creatures vanquished

Notes
Turn   | Place    | Note
-------+----------+-------------------------------------------
     0 | D:1      | SensoryNuts the Hill Orc Fighter began the quest for the
                  | Orb.
     0 | D:1      | Reached XP level 1. HP: 19/19 MP: 1/1
    89 | D:1      | Reached XP level 2. HP: 25/27 MP: 2/2
   457 | D:1      | Reached skill level 4 in Fighting
   457 | D:1      | Reached XP level 3. HP: 17/33 MP: 3/3
  1213 | D:2      | Noticed Sigmund
  1224 | D:2      | HP: 1/33 [Sigmund/+5 scythe of venom (2)]
  1225 | D:2      | Succumbed to Sigmund's poison

Illustrated notes

Levels and vault maps discovered:
D:1:      shiori_arrival_elements, layout_basic, grunt_decor_clamped
D:2:      minmay_angry_zag, layout_loops_ring,
          dreamdust_ecumenical_altar_sealed_demon, grunt_ministairs_7,
          minmay_bisected, uniq_sigmund

Skill      XL: |  1  2 |
---------------+-------+-----
Axes           | 3 |  3.7
Fighting       | 4 |  4.1
Armour         | |  3.5
Shields        | |  3.8

Action                   || total
-------------------------++-------
Melee: War axe           ||   101
  Use: Scroll            ||     8
       Potion            ||     3
Armor: Scale mail        ||    28
       Plate armour      ||    22
Dodge: Dodged            ||    48
Block: Buckler           ||    31
